 Dungeon Crawl Stone Soup version 0.27.0-1-g7a089689b8 (webtiles) character file.

Game seed: 10216757294998935910

581 night the Ruffian (level 7, 0/66 HPs)
             Began as a Troll Fighter on Aug 2, 2021.
             Was an Elder of Uskayaw.
             Slain by a killer bee (5 damage)
             ... on level 4 of the Dungeon.
             The game lasted 00:03:44 (2543 turns).

night the Ruffian (Troll Fighter)                   Turns: 2543, Time: 00:03:44

Health: 0/66       AC:  4    Str: 23 (26) XL:     7   Next: 13%
Magic:  6/6        EV:  8    Int:  3 (5)  God:    Uskayaw [****..]
Gold:   119        SH:  9    Dex:  7 (9)  Spells: 6/6 levels left

rFire    . . .     SeeInvis .     - Unarmed
rCold    . . .     Faith    .   b - +0 kite shield
rNeg     . . .     Spirit   .   a - +0 robe
rPois    .         Reflect  .   (helmet restricted)
rElec    .         Harm     .   (no cloak)
rCorr    .         Rampage  .   (gloves unavailable)
Will     .....                  (boots unavailable)
Stlth    +.........             (no amulet)
HPRegen  1.21/turn              (no ring)
MPRegen  0.10/turn              (no ring)

@: lethally poisoned (0 -> -3)
A: large, unfitting armour, claws 3, regeneration 1, shaggy fur 1, tough skin 1
a: Renounce Religion, Stomp, Line Pass


You were on level 4 of the Dungeon.
You worshipped Uskayaw.
Uskayaw was noncommittal.
You visited 1 branch of the dungeon, and saw 4 of its levels.

You collected 119 gold pieces.

Inventory:

Missiles
 g - 161 stones (quivered)
 h - 14 atropa-tipped darts
 j - 14 sling bullets
 k - 32 arrows
 l - 23 bolts
 r - 4 large rocks
Armour
 a - a +0 robe (worn)
 b - a +0 kite shield (worn)
Scrolls
 d - a scroll of teleportation
 o - a scroll of enchant weapon
Potions
 c - a potion of might
 i - a potion of attraction
 n - a potion of resistance {unknown}
 p - a potion of magic {unknown}
 q - a potion of curing {unknown}
 t - a potion of mutation {unknown}


   Skills:
 - Level 2.4 Fighting
 - Level 2.4 Dodging
 + Level 4.3 Shields
 * Level 6.5 Unarmed Combat


You had 6 spell levels left.
You didn't know any spells.
Your spell library was empty.

Dungeon Overview and Level Annotations

Branches:
Dungeon (4/15)
 Temple: D:4-7

Altars:
Uskayaw


Innate Abilities, Weirdness & Mutations

You are too large for most types of armour.
You have claws for hands.
Your natural rate of healing is unusually fast.
You are covered in fur. (AC +1)
You have tough skin. (AC +1)


Message History

The killer bee poisons you!
The killer bee stings you but does no damage.
You barely miss the killer bee.
The killer bee is moderately wounded.
You feel very sick. The killer bee stings you.
You are more poisoned.
The killer bee poisons you!
The killer bee stings you but does no damage.
You claw the killer bee!
You kill the killer bee!
You feel very sick. You block the killer bee's attack.
Uskayaw will force your foes to share their pain.
Uskayaw links your audience in an emotional bond!
You have reached level 7!
You miss the killer bee.
You feel very sick. You block the killer bee's attack.
The killer bee stings you but does no damage.
You claw the killer bee!
You kill the killer bee!
You feel very sick. The killer bee closely misses you.
You closely miss the killer bee.
The killer bee is heavily wounded.
You feel very sick.
The killer bee is no longer sharing its pain.
The killer bee stings you.
* * * LOW HITPOINT WARNING * * *
You are more poisoned.
The killer bee poisons you! The killer bee stings you.
* * * LOW HITPOINT WARNING * * *
It was a potion of degeneration.
There was something very wrong with that liquid.
You feel weakened.
You feel dopey.
You feel clumsy.
* * * LOW HITPOINT WARNING * * *
You feel very sick. The killer bee stings you.
You die...

. . .#. #..
#.# #.# ..#
#.# #.# #y#
#.# #@# #.#
#.# #.# #†#
#.# #.#
#.####.#
#......# #.#
#.######
##.########.#
............#


You could see a killer bee.

Vanquished Creatures
  Sigmund (D:2)
  A black bear (D:4)
  3 killer bees (D:4)
  A bullfrog skeleton (D:4)
  An iguana (D:2)
  Robin (D:2)
  3 gnolls (D:3)
  4 adders
  A worm (D:2)
  5 bats (D:1)
  4 endoplasms
  6 giant cockroaches
  13 goblins
  8 hobgoblins
  6 jackals
  2 quokkas (D:1)
  3 ball pythons
  6 frilled lizards
  A kobold (D:3)
  5 rats
75 creatures vanquished.

Vanquished Creatures (others)
  3 plants (D:3)
3 creatures vanquished.

Grand Total: 78 creatures vanquished

Notes
Turn   | Place    | Note
-------+----------+-------------------------------------------
     0 | D:1      | night the Troll Fighter began the quest for the Orb.
     0 | D:1      | Reached XP level 1. HP: 22/22 MP: 0/0
    88 | D:1      | Reached XP level 2. HP: 29/29 MP: 1/1
   329 | D:1      | Reached skill level 3 in Unarmed Combat
   529 | D:1      | Reached XP level 3. HP: 33/36 MP: 2/2
   687 | D:1      | Found a faded altar of an unknown god.
   696 | D:1      | Became a worshipper of Uskayaw the Reveller
   696 | D:1      | Reached * piety under Uskayaw
   735 | D:2      | Noticed Sigmund
   746 | D:2      | HP: 5/36 [something (9)]
   779 | D:2      | Killed Sigmund
   779 | D:2      | Reached ** piety under Uskayaw
   780 | D:2      | Reached skill level 4 in Unarmed Combat
   780 | D:2      | Reached XP level 4. HP: 44/44 MP: 3/3
   780 | D:2      | Reached XP level 5. HP: 50/50 MP: 4/4
   850 | D:2      | Noticed Robin
   871 | D:2      | Reached *** piety under Uskayaw
   880 | D:2      | Killed Robin
   880 | D:2      | Reached **** piety under Uskayaw
   881 | D:2      | Reached skill level 5 in Unarmed Combat
  1080 | D:2      | Reached XP level 6. HP: 57/59 MP: 5/5
  2520 | D:4      | Reached skill level 6 in Unarmed Combat
  2540 | D:4      | Reached XP level 7. HP: 21/66 MP: 6/6
  2542 | D:4      | HP: 7/66 [killer bee (4)]
  2543 | D:4      | Slain by a killer bee

Illustrated notes

Levels and vault maps discovered:
D:1:      tarquinn_simple_flora_water_a, layout_loops_cross,
          basic_ecumenical_altar, minmay_tripent
D:2:      layout_basic, uniq_sigmund, uniq_robin
D:3:      layout_loops_corners, chequers_big_river
D:4:      layout_loops_ring, skrybe_limestone_x, uniq_crazy_yiuf_cottage,
          uniq_edmund

Skill      XL: |  1  2  3  4  5  6 |
---------------+-------------------+-----
Unarmed Combat | 3 4 5 6 |  6.5
Shields        | 3 4 |  4.3
Fighting       | |  2.4
Dodging        | |  2.4

Action                   |  1- 3 |  4- 6 |  7- 9 || total
-------------------------+-------+-------+-------++-------
Melee: Unarmed           |    80 |   156 |     3 ||   239
  Use: Potion            |     2 |       |     1 ||     3
       Scroll            |       |     4 |       ||     4
 Stab: Sleeping          |     1 |     1 |       ||     2
       Paralysed         |       |     2 |       ||     2
Armor: Robe              |    27 |    43 |     1 ||    71
Dodge: Dodged            |    39 |    37 |     1 ||    77
Block: Kite shield       |    39 |    72 |     1 ||   112
